 Dungeon Crawl Stone Soup version 0.23-a0-416-g33f1def (webtiles) character file.

1540 JeffiDaFish the Reanimator (level 8, -4/41 HPs)
             Began as a Deep Elf Necromancer on Nov 10, 2018.
             Slain by a two-headed ogre
             ... wielding a +0 giant club
              (22 damage)
             ... on level 5 of the Dungeon.
             The game lasted 00:15:04 (6132 turns).

JeffiDaFish the Reanimator (Deep Elf Necromancer)   Turns: 6132, Time: 00:15:05

Health: -4/41      AC:  6    Str:  5      XL:     8   Next: 56%
Magic:  14/21      EV: 14    Int: 21      God:
Gold:   304        SH:  0    Dex: 10 (19) Spells: 11/22 levels left

rFire    . . .     SeeInvis .   r - +1 short sword (vamp)
rCold    + . .     Gourm    .   (no shield)
rNeg     . . .     Faith    .   a - +1 robe
rPois    .         Spirit   .   (helmet restricted)
rElec    .         Reflect  .   p - +0 cloak
rCorr    .         Harm     .   (no gloves)
MR       .....     Rnd*Rage +   (no boots)
Stlth    ++........             (no amulet)
HPRegen  0.13/turn              g - +4 ring of dexterity
MPRegen  0.17/turn              n - ring of protection from cold

@: no status effects
A: antennae 1, iridescent scales 1, berserk 1, dopey 1
a: no special abilities


You were on level 5 of the Dungeon.
You were not hungry.

You visited 1 branch of the dungeon, and saw 5 of its levels.
You also visited: Sewer.

You collected 304 gold pieces.

Inventory:

Hand Weapons
 h - a +0 dagger
 r - a +1 vampiric short sword (weapon)
Armour
 a - a +1 robe (worn)
 p - a +0 cloak (worn)
Jewellery
 g - a +4 ring of dexterity (left hand)
 n - a ring of protection from cold (right hand)
 o - an uncursed ring of ice
Scrolls
 b - a scroll of blinking
 d - 4 scrolls of teleportation
 e - 2 scrolls of remove curse
 j - a scroll of fog
 k - 5 scrolls of identify
 q - a scroll of magic mapping
 s - a scroll of fear
Potions
 f - 2 potions of haste
 i - 3 potions of flight
 l - 3 potions of curing
 m - a potion of cancellation
Comestibles
 c - 8 rations


   Skills:
 + Level 2.2 Short Blades
 + Level 6.2 Dodging
 - Level 2.4 Stealth
 + Level 7.5 Spellcasting
 * Level 10.2 Necromancy


You had 11 spell levels left.
You knew the following spells:

 Your Spells              Type           Power        Failure   Level  Hunger
a - Pain                  Necr           ####         1%          1    None
b - Vampiric Draining     Necr           ######....   1%          3    None
c - Animate Dead          Necr           N/A          1%          4    ###....
d - Regeneration          Chrm/Necr      ####......   3%          3    None

Your spell library contained the following spells:

 Spells                   Type           Power        Failure   Level  Hunger
 Animate Skeleton         Necr           N/A          1%          1    None


Dungeon Overview and Level Annotations

Branches:
Dungeon (5/15)
 Temple: D:4-7

Altars:
Ru
Trog

Shops:
D:4 %

Annotations:
D:4 1 runed door, tatocazan's ghost, amateur OpFi


Innate Abilities, Weirdness & Mutations

You have a pair of small antennae on your head.
You are partially covered in iridescent scales. (AC +2)
You tend to lose your temper in combat.
You are dopey. (Int -2)


Message History

The two-headed ogre writhes in agony!
Casting: Pain (safe; 1% risk of failure)
Confirm with . or Enter, or press ? or * to list all spells.
Aiming: Pain (safe; 1% risk of failure)
Press: ? - help, Shift-Dir - straight line, f/p - two-headed ogre
Aim: a two-headed ogre, wielding two +0 giant clubs (lightly wounded, chance to The two-headed ogre writhes in agony!
The two-headed ogre hits you with a +0 giant club!!
Ouch! That really hurt!
The two-headed ogre barely misses you.
Casting: Pain (safe; 1% risk of failure)
Confirm with . or Enter, or press ? or * to list all spells.
Aiming: Vampiric Draining (safe; 1% risk of failure)
Press: ? - help, Shift-Dir - straight line, f/p - two-headed ogre
Aim: a two-headed ogre, wielding two +0 giant clubs (moderately wounded)
The two-headed ogre is heavily wounded.
You feel life coursing into your body.
The two-headed ogre hits you with a +0 giant club!!
Ouch! That really hurt!
You die...

.# O# .# .# .# .#
#########.###.# #############
#.@O..........# #...........#
#.#...........#
#.#########.###.#.#####.###.#
#.# #.........# .# #.# #.#
#####.#.#....)## .# #.#####
#.# #..............# ..
....... #.# #.###.#.#......#
## #.#.... #.# #.#
#.).?......# #.#.### #.# #.#
###.###.#..# #.#.##


You could see a two-headed ogre.

Vanquished Creatures
  Eustachio (D:5)
  2 sky beasts (D:5)
  A phantom (D:5)
  2 ogres (D:4)
  6 big kobolds (Sewer)
  2 howler monkeys (D:5)
  A quasit (D:5)
  2 hounds
  An iguana (D:3)
  3 worker ants
  A hound skeleton (D:4)
  4 gnolls (D:2)
  10 adders
  A river rat (Sewer)
  A shadow imp (D:5)
  An adder skeleton (D:4)
  8 worms
  2 dart slugs (D:1)
  14 orcs
  9 ball pythons
  4 giant cockroaches
  6 goblins
  6 hobgoblins
  2 quokkas (D:2)
  9 bats
  6 frilled lizards
  12 kobolds
  6 rats
123 creatures vanquished.

Notes
Turn   | Place    | Note
-------+----------+-------------------------------------------
     0 | D:1      | JeffiDaFish the Deep Elf Necromancer began the quest for
                  | the Orb.
     0 | D:1      | Reached XP level 1. HP: 10/10 MP: 6/6
     8 | D:1      | Reached skill level 5 in Necromancy
   283 | D:1      | Reached XP level 2. HP: 9/15 MP: 2/8
  1216 | D:2      | Reached XP level 3. HP: 18/19 MP: 7/10
  1228 | D:2      | Reached skill level 6 in Necromancy
  1504 | D:2      | Reached XP level 4. HP: 22/24 MP: 9/12
  1636 | D:2      | Learned a level 3 spell: Vampiric Draining
  1641 | D:2      | Learned a level 4 spell: Animate Dead
  1645 | D:2      | Learned a level 3 spell: Regeneration
  2740 | D:3      | Reached XP level 5. HP: 24/28 MP: 7/13
  2936 | D:3      | Gained mutation: You tend to lose your temper in combat.
                  | [potion of mutation]
  2936 | D:3      | Gained mutation: You are partially covered in iridescent
                  | scales. (AC +2) [potion of mutation]
  2936 | D:3      | Gained mutation: You are dopey. (Int -2) [potion of
                  | mutation]
  2936 | D:3      | Gained mutation: You have a pair of small antennae on your
                  | head. [potion of mutation]
  3308 | D:4      | Noticed an ogre
  3323 | D:4      | Killed an ogre
  3323 | D:4      | Reached skill level 5 in Spellcasting
  3323 | D:4      | Reached skill level 7 in Necromancy
  3621 | D:4      | Noticed an ogre
  3632 | D:4      | Killed an ogre
  3632 | D:4      | Reached XP level 6. HP: 27/32 MP: 0/15
  3802 | D:4      | Found a bloodstained altar of Trog.
  3907 | D:4      | Found a glowing drain.
  3920 | Sewer    | Entered a sewer
  4192 | Sewer    | Reached skill level 8 in Necromancy
  4402 | Sewer    | Reached XP level 7. HP: 31/36 MP: 10/17
  4562 | Sewer    | Reached skill level 5 in Dodging
  4760 | Sewer    | Reached skill level 9 in Necromancy
  4885 | D:4      | Found a runed door.
  4886 | D:4      | Noticed tatocazan's ghost (amateur OpFi)
  4960 | D:4      | Found Gino's Food Boutique.
  5214 | D:5      | Entered Level 5 of the Dungeon
  5372 | D:5      | Reached XP level 8. HP: 33/41 MP: 18/20
  5378 | D:5      | Reached skill level 1 in Short Blades
  5485 | D:5      | Found a sacrificial altar of Ru.
  5744 | D:5      | Noticed Eustachio
  5810 | D:5      | Killed Eustachio
  5810 | D:5      | Reached skill level 10 in Necromancy
  6119 | D:5      | Noticed a two-headed ogre
  6132 | D:5      | Slain by a two-headed ogre

Vault maps used:
D:1:      lightli_arrival_maybe_door_vault
D:2:      serial_glass, glass_columns_b, glass_columns_a, st_stairs_13
D:3:      first_ration
D:4:      serial_curves, eino_curves_01, eino_curves_01, eino_curves_02,
          eino_curves_04, cheibrodos_sewer_entry_drain,
          ebering_ghost_reflecting_pool, serial_shops, shop, trog_hazing_becter
D:5:      minmay_temple_entry_fiery, hangedman_ru_absence, uniq_eustachio
Sewer:    sewer_co_tree

Skill      XL: |  1  2  3  4  5  6  7  8 |
---------------+-------------------------+-----
Necromancy     | 5 6 7 8 9 10 | 10.2
Spellcasting   | 4 5 6 7 |  7.5
Dodging        | 3 4 5 6 |  6.2
Short Blades   | 2 |  2.2
Stealth        | |  2.4

Action                   |  1- 3 |  4- 6 |  7- 9 || total
-------------------------+-------+-------+-------++-------
Melee: Dagger            |       |    60 |       ||    60
       Short sword       |       |       |   132 ||   132
 Cast: Pain              |    49 |   103 |    87 ||   239
       Vampiric Draining |       |    18 |    15 ||    33
       Animate Dead      |       |     3 |     2 ||     5
       Regeneration      |       |       |     5 ||     5
  Use: Scroll            |     4 |     5 |     2 ||    11
       Potion            |     3 |     5 |       ||     8
 Stab: Sleeping          |       |     6 |     1 ||     7
  Eat: Chunk             |     2 |    10 |     4 ||    16
       Ration            |       |       |     2 ||     2
Armor: Robe              |     2 |    22 |   148 ||   172
Dodge: Dodged            |     5 |    73 |   332 ||   410

Table legend:
 A = Non-vault XP
 B = Vault XP
 C = Vault XP percentage of total XP
 D = Non-vault monster count
 E = Vault monster count
 F = Vault count percentage of total count
                 A         B        C        D         E       F
            +---------+---------+-------+---------+---------+-------
      Total |    1286 |     914 |  41.5 |      85 |      38 |  30.9
            +---------+---------+-------+---------+---------+-------
        D:1 |      26 |       0 |   0.0 |      15 |       0 |   0.0
        D:2 |     113 |       2 |   1.7 |      26 |       1 |   3.7
        D:3 |      82 |       0 |   0.0 |      13 |       0 |   0.0
        D:4 |     388 |      12 |   3.0 |      16 |       8 |  33.3
        D:5 |     677 |     202 |  23.0 |      15 |       1 |   6.2
      Sewer |       0 |     698 | 100.0 |       0 |      28 | 100.0
            +---------+---------+-------+---------+---------+-------
